 Dungeon Crawl Stone Soup version 0.18-a0-1561-g7b1e397 (webtiles) character file.

111871 Psiweapon the Pandemonic (level 16, -5/123 HPs)
             Began as a Hill Orc Gladiator on Mar 13, 2016.
             Was a High Priest of Makhleb.
             Slain by a harpy simulacrum (8 damage)
             ... in an ice cave.
             The game lasted 03:19:57 (36942 turns).

Psiweapon the Pandemonic (Hill Orc Gladiator)      Turns: 36942, Time: 03:19:58

Health: -5/123     AC: 20    Str: 24    XL:     16   Next: 58%
Magic:  0/37       EV: 20    Int: 10    God:    Makhleb [*****.]
Gold:   782        SH: 14    Dex: 26    Spells: 1 memorised, 13 levels left

rFire  + + +     SeeInvis +     W - +8 flail of Tosuz {flame, +Inv Str+3}
rCold  + . .     Gourm    .     m - +3 leather armour {rC+}
rNeg   . . .     Faith    .     b - +0 shield "Emoko" {rF+ Dex+8}
rPois  +         Spirit   +     c - +0 helmet
rElec  .         Dismiss  .     e - +0 cloak
rCorr  .         Reflect  .     l - +1 pair of gloves "Curee" {rF+ SInv}
SustAt .         Harm     .     g - +1 pair of boots {Fly}
MR     ++...     Clarity  +     R - amulet of guardian spirit
Stlth  +++....... Rnd*Tele +    E - ring "Usuvang" {*Tele rF+ MP+9 Dex+5}
                                X - ring "Nammo" {MR+ Stlth+}

@: flying, drained, very resistant to hostile enchantments, fairly stealthy
A: claws 1, icy blue scales 2, molten scales 1, berserk 1, blurry vision 1,
clarity, frail 1, poison resistance, shaggy fur 1, sturdy frame 1
a: Minor Destruction, Lesser Servant of Makhleb, Major Destruction, Greater
Servant of Makhleb, Renounce Religion, Evoke Invisibility, Stop Flying


You were in an ice cave.
You worshipped Makhleb.
Makhleb was extremely pleased with you.
You were not hungry.

You visited 4 branches of the dungeon, and saw 26 of its levels.
You also visited: Ossuary and Ice Cave.

You collected 2390 gold pieces.
You spent 1608 gold pieces at shops.

Inventory:

Hand Weapons
 n - a +4 great mace of holy wrath
 v - a +0 whip of venom
 W - the +8 flail of Tosuz (weapon) {flame, +Inv Str+3}
   (You bought it in a shop on level 8 of the Dungeon)

   It has been specially enchanted to burn those struck by it, causing extra
   injury to most foes and up to half again as much damage against particularly
   susceptible opponents.
   It affects your strength (+3).
   It lets you turn invisible.
Missiles
 d - 4 throwing nets (quivered)
 z - 5 tomahawks of returning
 C - 2 silver tomahawks
 D - 24 tomahawks
Armour
 b - the +0 shield "Emoko" (worn) {rF+ Dex+8}
   (You found it on level 8 of the Lair of Beasts)

   It affects your dexterity (+8).
   It protects you from fire.
 c - a +0 helmet (worn)
 e - a +0 cloak (worn)
 g - a +1 pair of boots of flying (worn)
 l - the +1 pair of gloves "Curee" (worn) {rF+ SInv}
   (You found it on level 8 of the Lair of Beasts)

   It protects you from fire.
   It lets you see invisible.
 m - a +3 leather armour of cold resistance (worn)
 P - a +2 chain mail of fire resistance
Jewellery
 o - an uncursed ring of fire
 B - a +5 ring of intelligence
 E - the ring "Usuvang" (right hand) {*Tele rF+ MP+9 Dex+5}
   (You found it in an ice cave)

   [ring of teleportation]

   It may teleport you next to monsters.
   It affects your dexterity (+5).
   It protects you from fire.
   It affects your magic capacity (+9).
 F - an uncursed ring of resist corrosion
 O - a +3 ring of protection
 R - an amulet of guardian spirit (around neck)
 X - the ring "Nammo" (left hand) {MR+ Stlth+}
   (You took it off a wight on level 8 of the Dungeon)

   [ring of protection from magic]

   It affects your resistance to hostile enchantments.
   It makes you more stealthy.
Wands
 a - a wand of disintegration (16/24)
 i - a wand of enslavement (8/24)
 u - a wand of digging (12/24)
 w - a wand of paralysis (14/24)
 A - a wand of disintegration (17/24)
 Q - a wand of lightning (6/15)
Scrolls
 k - a scroll of teleportation
 x - 2 scrolls of remove curse
 y - 2 scrolls of blinking
 I - 4 scrolls of identify
 K - a scroll of immolation
 T - 3 scrolls of fear
 U - 3 scrolls of fog
 V - 5 scrolls of recharging
Potions
 j - a potion of heal wounds
 p - 2 potions of invisibility
 q - 3 potions of haste
 r - 7 potions of agility
 s - 5 potions of flight
 t - a potion of cancellation
 G - 2 potions of ambrosia
 H - a potion of resistance
 L - 13 potions of curing
 M - a potion of might
 S - 2 potions of lignification
Miscellaneous
 Y - a phantom mirror
Comestibles
 f - 13 bread rations
 h - 5 meat rations


   Skills:
 - Level 11.0(10.6) Fighting
   Level 2.3(1.9) Short Blades
   Level 10.0(12.4) Axes
 - Level 11.4(11.9) Maces & Flails
   Level 1.4(5.0) Polearms
   Level 6.9(6.5) Crossbows
 - Level 1.7(1.4) Throwing
 - Level 10.6(10.2) Armour
 - Level 10.0(9.5) Dodging
 - Level 1.0(0.6) Stealth
 + Level 10.7(10.2) Shields
 - Level 17.9(17.4) Invocations
 - Level 6.4(6.0) Evocations


You had 13 spell levels left.
You knew the following spells:

 Your Spells              Type           Power        Failure   Level  Hunger
a - Passwall              Trmt/Erth      #.........   90%         2    ###....


Dungeon Overview and Level Annotations

Branches:
Dungeon (15/15)            Temple (0/1) D:5            Lair (8/8) D:9
 Shoals (0/4) Lair:6       Spider (0/4) Lair:4        Slime (0/6) Lair:8
    Orc (2/2) D:11            Elf (1/3) Orc:2        Vaults (0/5) D:13
 Depths (0/5) D:15

Altars:
Ashenzari
Kikubaaqudgha
Makhleb
Pakellas
Qazlal
Ru
Vehumet
Xom
Yredelemnul
The Shining One
Beogh
Jiyva

Shops:
D:5 :   D:6 *   D:8 }:(*   D:14 [   Orc:2 ?[:!

Annotations:
Lair:4 exclusion: downstairs


Innate Abilities, Weirdness & Mutations

You have sharp fingernails.
You are mostly covered in icy blue scales (AC +3, EV -1).
You are partially covered in molten scales (AC +1).
You tend to lose your temper in combat.
Scrolls take you a little longer to read.
You possess an exceptional clarity of mind.
You are frail (-10% HP).
Your system is resistant to poisons.
You are covered in fur (AC +1).
Your movements are slightly less encumbered by armour (ER -2).


Message History

The harpy simulacrum completely misses you.
You block the harpy simulacrum's attack.
You block the harpy simulacrum's attack.
The harpy simulacrum closely misses you.
You block the harpy simulacrum's attack. x2
The harpy simulacrum misses you.
The harpy simulacrum claws you but does no damage.
The harpy simulacrum barely misses you.
The harpy simulacrum closely misses you.
You block the harpy simulacrum's attack.
The harpy simulacrum claws you but does no damage.
The harpy simulacrum claws you.
* * * LOW HITPOINT WARNING * * *
The harpy simulacrum freezes you! You resist.
* * * LOW HITPOINT WARNING * * *
You block the harpy simulacrum's attack.
The harpy simulacrum claws you!
* * * LOW HITPOINT WARNING * * *
The harpy simulacrum freezes you! You resist.
You die...

####
##..## #
##....## #
##.@###.#
#
#.Z##..##
##.###..##
###Z##
##..#
##...#
##.#
##...##
#.## #
##..#.#
####.# ##
#...###
##.##.# .#
#.#.#
####..#..#


You could see a golden dragon simulacrum and a harpy simulacrum.

Vanquished Creatures
  Rupert (Orc:2)
  The ghost of namelastname112 the Marksdraconian, an adept DrAK of Lugonu (Elf:1)
  Maud (Orc:1)
  Louise (Elf:1)
  Nessos (D:12)
  Azrael (D:14)
  6 dire elephants (Lair:8)
  Snorg (Orc:2)
  An ettin (Orc:2)
  Erolcha (D:8)
  8 hydras
  A centaur warrior (D:13)
  A catoblepas (Lair:7)
  An anaconda (Lair:8)
  A death knight (D:14)
  2 ogre magi (D:15)
  A dancing weapon (Orc:2)
  2 tengu warriors
  22 death yaks
  Urug (Orc:1)
  A deep elf knight (Elf:1)
  Sonja (D:12)
  Nergalle (Orc:2)
  A skeletal warrior (D:15)
  4 unseen horrors
  3 hill giants
  A phantasmal warrior (D:15)
  A wolf spider zombie (D:15)
  3 orc sorcerers
  3 griffons
  10 ugly things
  2 deep elf magi
  A cyclops (D:15)
  5 elephants
  Maurice (Orc:2)
  A centaur zombie (D:10)
  5 black mambas
  A naga mage (D:15)
  7 spiny frogs
  9 komodo dragons
  An efreet (D:15)
  3 ice devils (IceCv)
  3 freezing wraiths
  A merfolk (Lair:6)
  A tengu conjurer (D:12)
  A polar bear (Lair:6)
  3 trolls
  A polar bear (shapeshifter) (D:13)
  Grinder (D:5)
  A jumping spider (Lair:4)
  11 blink frogs
  4 two-headed ogres
  18 slime creatures
  A vampire (D:12)
  A tarantella (shapeshifter) (D:13)
  36 yaks
  4 wraiths
  A shadow (D:12)
  3 wyverns
  2 basilisks
  5 hungry ghosts
  7 fire elementals
  10 hippogriffs
  Grum (D:9)
  A hippogriff (shapeshifter) (D:14)
  3 vampire mosquitoes
  A death yak simulacrum (IceCv)
  3 wargs
  A swamp worm (shapeshifter) (D:13)
  A soldier ant (D:10)
  16 porcupines
  18 water moccasins
  12 orc warriors
  15 ice beasts
  4 sky beasts
  4 black bears
  A wasp (D:10)
  2 eyes of draining
  5 necrophages (Lair:7)
  An ettin simulacrum (IceCv)
  13 wolves
  A phantom (D:7)
  5 boggarts (D:15)
  6 centaurs
  20 ogres
  8 crocodiles
  A big kobold (D:7)
  24 giant frogs
  A wyvern zombie (D:12)
  3 scorpions
  17 killer bees
  An elephant simulacrum (IceCv)
  16 wights
  3 spriggan skeletons (D:9)
  7 electric eels
  A vampire bat (Orc:1)
  6 howler monkeys
  5 crimson imps
  2 giant frog zombies
  4 draconian simulacra (IceCv)
  8 hounds
  A quasit (D:11)
  10 jellies
  24 orc wizards
  9 centaur skeletons
  12 orc priests
  A giant frog skeleton (D:10)
  7 iguanas
  A troll simulacrum (IceCv)
  5 hell rats (Lair:6)
  16 worker ants
  5 sheep
  3 big kobold zombies (Ossuary)
  2 hound skeletons
  2 mummies (Ossuary)
  3 gnolls (D:8)
  A howler monkey skeleton (D:8)
  2 naga simulacra (IceCv)
  12 adders
  An ogre simulacrum (IceCv)
  39 river rats
  4 shadow imps
  A white imp (IceCv)
  3 ufetubi (IceCv)
  3 adder zombies
  3 adder skeletons
  A worm (D:5)
  5 giant geckos
  66 orcs
  4 ball pythons
  8 giant cockroaches
  A gnoll zombie (Ossuary)
  7 goblins
  11 hobgoblins
  7 jackals
  5 quokkas
  15 bats
  4 giant newts
  9 hobgoblin zombies (Ossuary)
  A jackal skeleton (D:5)
  10 kobolds
  A kobold zombie (Ossuary)
  8 orc zombies (Ossuary)
  8 rats
  2 bushes
  A butterfly (Lair:4)
  5 plants
825 creatures vanquished.

Vanquished Creatures (collateral kills)
  Frances (D:13)
  Aizul (Elf:1)
  4 ogre magi (Orc:2)
  2 death yaks
  2 deep elf knights (Elf:1)
  A deep elf archer (Elf:1)
  A cyclops (D:15)
  2 deep elf magi
  3 orc sorcerers (Orc:2)
  4 ugly things (D:15)
  A black mamba (Lair:1)
  A centaur zombie (D:15)
  A blink frog (Lair:4)
  2 slime creatures (D:15)
  A vampire mosquito (D:13)
  2 ice beasts
  A phantom (D:13)
  An ogre (Orc:2)
  A big kobold (D:11)
  2 wights (D:11)
  3 orc wizards (Orc:2)
  A river rat (Lair:2)
  2 orcs
  A kobold (D:11)
  A plant (Lair:8)
42 creatures vanquished.

Vanquished Creatures (others)
  17 fungi
  8 plants
25 creatures vanquished.

Grand Total: 892 creatures vanquished

Notes
Turn   | Place    | Note
--------------------------------------------------------------
     0 | D:1      | Psiweapon the Hill Orc Gladiator began the quest for the Orb.
     0 | D:1      | Reached XP level 1. HP: 18/18 MP: 1/1
   185 | D:2      | Reached XP level 2. HP: 19/25 MP: 2/2
   240 | D:2      | Reached skill level 5 in Axes
   629 | D:2      | Found a burning altar of Makhleb.
   637 | D:2      | Became a worshipper of Makhleb the Destroyer
   693 | D:2      | Reached XP level 3. HP: 30/30 MP: 3/3
   954 | D:1      | Reached * piety under Makhleb
  1241 | D:2      | Found a shattered altar of Ashenzari.
  1242 | D:2      | Found an oddly glowing altar of Pakellas.
  1244 | D:2      | Found a radiant altar of Vehumet.
  1247 | D:2      | Found a basalt altar of Yredelemnul.
  1344 | D:2      | Reached XP level 4. HP: 12/37 MP: 4/4
  1820 | D:5      | Entered Level 5 of the Dungeon
  2171 | D:4      | Noticed an ogre
  2297 | D:3      | Reached ** piety under Makhleb
  2757 | D:4      | Killed an ogre
  2757 | D:4      | Reached XP level 5. HP: 17/42 MP: 5/5
  3425 | D:5      | Found a staircase to the Ecumenical Temple.
  3437 | D:5      | Noticed Grinder
  3440 | D:5      | Paralysed by Grinder for 2 turns
  3452 | D:5      | Paralysed by Grinder for 6 turns
  3486 | D:5      | Paralysed by Grinder for 6 turns
  3494 | D:5      | Killed Grinder
  3494 | D:5      | Reached XP level 6. HP: 23/50 MP: 6/6
  3983 | D:4      | Reached skill level 10 in Axes
  3983 | D:4      | Reached XP level 7. HP: 53/56 MP: 7/7
  4137 | D:5      | Reached skill level 1 in Invocations
  4517 | D:4      | Reached skill level 2 in Invocations
  4660 | D:6      | Reached skill level 3 in Invocations
  5058 | D:5      | Found Yfoow's Book Boutique.
  5124 | D:6      | Reached skill level 4 in Invocations
  5342 | D:6      | Reached skill level 5 in Fighting
  5342 | D:6      | Reached XP level 8. HP: 59/68 MP: 11/11
  5416 | D:7      | Reached skill level 1 in Armour
  5416 | D:7      | Reached skill level 5 in Invocations
  5486 | D:7      | Found a sacrificial altar of Ru.
  5562 | D:7      | Found a sand-covered staircase.
  5573 | Ossuary  | Entered an ossuary
  5662 | Ossuary  | Reached *** piety under Makhleb
  5804 | Ossuary  | Reached skill level 6 in Invocations
  6281 | D:7      | Reached skill level 7 in Invocations
  6335 | D:7      | Noticed a two-headed ogre
  6347 | D:7      | Killed a two-headed ogre
  6347 | D:7      | Reached XP level 9. HP: 65/74 MP: 14/14
  6652 | D:6      | Reached skill level 8 in Invocations
  6694 | D:6      | Reached **** piety under Makhleb
  6764 | D:6      | Found Wudyngom's General Store.
  6796 | D:6      | Bought a +1 dire flail of protection for 129 gold pieces
  7460 | D:7      | Reached skill level 9 in Invocations
  7583 | D:7      | Reached skill level 5 in Dodging
  7752 | D:8      | Reached skill level 10 in Invocations
  8080 | D:8      | Found a stormy altar of Qazlal.
  8088 | D:8      | Reached skill level 1 in Maces & Flails
  8131 | D:8      | Got a sparkling lapis lazuli ring
  8233 | D:8      | Found Zeemen's General Store.
  8388 | D:8      | Identified the Disquisition on Dusty Transformation (You found it on level 8 of the Dungeon)
  8401 | D:8      | Reached XP level 10. HP: 81/81 MP: 17/17
  8581 | D:8      | Got a fine short sword
  8582 | D:8      | Identified the ring "Nammo" {MR+ Stlth+} (You took it off a wight on level 8 of the Dungeon)
  8584 | D:8      | Identified the +6 short sword of the Foot {vamp, rF+ Int+4 SInv} (You found it on level 8 of the Dungeon)
  8622 | D:8      | Noticed Erolcha
  8630 | D:8      | Killed Erolcha
  8630 | D:8      | Reached skill level 5 in Armour
  8795 | D:8      | Found Qaenoun's Gadget Emporium.
  8797 | D:8      | Found Qeniaf's Book Emporium.
  8876 | D:8      | Found Urima's Antique Weapon Shoppe.
  8879 | D:8      | Bought an encrusted battleaxe for 287 gold pieces
  8880 | D:8      | Identified the cursed +1 battleaxe "Ukobenutt" {freeze, *Drain rC+++ Str+3} (You bought it in a shop on level 8 of the Dungeon)
  9168 | D:9      | Reached ***** piety under Makhleb
  9168 | D:9      | Reached skill level 5 in Maces & Flails
  9175 | D:9      | Found a staircase to the Lair.
  9175 | D:9      | Noticed an elephant
  9176 | D:9      | Noticed a death yak
  9186 | D:9      | Reached skill level 1 in Stealth
 10007 | D:9      | Gained mutation: Your spells are a little harder to cast, but a little more powerful. [mutagenic meat]
 10008 | D:9      | Gained mutation: Your movements are slightly less encumbered by armour (ER -2). [mutagenic meat]
 10011 | D:9      | Gained mutation: Your system is resistant to poisons. [mutagenic meat]
 10099 | Lair:1   | Entered Level 1 of the Lair of Beasts
 10375 | Lair:1   | Noticed a black mamba
 10387 | Lair:1   | Killed a black mamba
 10774 | Lair:1   | Learned a level 2 spell: Passwall
 11043 | Lair:2   | Got an ancient leather armour
 11044 | Lair:2   | Identified the cursed +1 leather armour of Marbles {rPois rN+} (You found it on level 2 of the Lair of Beasts)
 11210 | Lair:2   | Reached XP level 11. HP: 91/94 MP: 18/18
 11321 | Lair:2   | Noticed a seven-headed hydra
 11328 | Lair:2   | Killed a seven-headed hydra
 11419 | Lair:2   | Gained mutation: You are robust (+10% HP). [potion of mutation]
 11419 | Lair:2   | Gained mutation: Your muscles are strong. (Str +2) [potion of mutation]
 11419 | Lair:2   | Gained mutation: You are agile. (Dex +2) [potion of mutation]
 11975 | Lair:2   | HP: 3/106 [blink frog (7)]
 12876 | Lair:2   | Reached skill level 10 in Fighting
 14049 | Lair:3   | Noticed a griffon
 14099 | Lair:4   | Noticed a six-headed hydra
 14114 | Lair:4   | Killed a six-headed hydra
 14114 | Lair:4   | Reached skill level 10 in Maces & Flails
 14210 | Lair:4   | Noticed a six-headed hydra
 14218 | Lair:4   | Killed a six-headed hydra
 14218 | Lair:4   | Reached XP level 12. HP: 103/121 MP: 19/19
 14424 | Lair:4   | Reached skill level 11 in Invocations
 15084 | Lair:4   | Noticed a six-headed hydra
 15093 | Lair:4   | Killed a six-headed hydra
 15106 | Lair:4   | Got a faintly glowing glaive
 15213 | Lair:4   | Reached skill level 1 in Crossbows
 15344 | Lair:4   | Found a hole to the Spider Nest.
 15753 | Lair:6   | Noticed a death yak
 15753 | Lair:6   | Noticed a death yak
 15753 | Lair:6   | Noticed a death yak
 15768 | Lair:5   | Killed a death yak
 16128 | Lair:5   | Noticed a death yak
 16130 | Lair:5   | Noticed a death yak
 16131 | Lair:5   | Noticed a death yak
 16139 | Lair:5   | Noticed a death yak
 16141 | Lair:5   | Noticed a death yak
 16303 | D:9      | Killed a death yak
 16303 | D:9      | Reached skill level 12 in Invocations
 16402 | D:9      | Found a stormy altar of Qazlal.
 16436 | D:9      | Got a dull robe
 17065 | D:9      | Identified the cursed +0 robe of Dawn {MP+9} (You found it on level 9 of the Dungeon)
 17227 | D:9      | Noticed Grum
 17264 | D:9      | Killed Grum
 17474 | D:10     | Entered Level 10 of the Dungeon
 17496 | D:10     | Identified the +6 glaive of Doubt {freeze, rC- Str+7 Stlth+} (You found it on level 4 of the Lair of Beasts)
 17857 | D:10     | Reached skill level 1 in Polearms
 18087 | D:10     | Reached XP level 13. HP: 127/127 MP: 22/22
 19384 | D:11     | Found a staircase to the Orcish Mines.
 19407 | D:11     | Reached skill level 5 in Crossbows
 19691 | D:11     | Gained mutation: You are dopey. (Int -2) [mutagenic meat]
 19692 | D:11     | Lost mutation: Your muscles are strong. (Str +2) [mutagenic meat]
 19731 | D:11     | Reached skill level 10 in Armour
 20217 | D:12     | Noticed Nessos
 20234 | D:12     | HP: 5/127 [Nessos/poisoned arrow (12)]
 20234 | D:12     | HP: 2/127 [Nessos/poisoned arrow (3)]
 20239 | D:12     | Killed Nessos
 21613 | D:12     | Reached ****** piety under Makhleb
 21660 | D:12     | Lost mutation: Your spells are a little harder to cast, but a little more powerful. [mutagenic meat]
 21661 | D:12     | Lost mutation: You are dopey. (Int -2) [mutagenic meat]
 21662 | D:12     | Lost mutation: You are agile. (Dex +2) [mutagenic meat]
 22080 | D:12     | Noticed Sonja
 22095 | D:12     | Killed Sonja
 22561 | Lair:3   | Reached skill level 13 in Invocations
 23302 | Lair:5   | Reached XP level 14. HP: 136/136 MP: 21/24
 23740 | Lair:6   | Reached skill level 14 in Invocations
 24511 | Lair:6   | Found a staircase to the Shoals.
 25852 | Lair:8   | Entered Level 8 of the Lair of Beasts
 26034 | Lair:7   | Reached skill level 15 in Invocations
 27530 | Lair:8   | Got an ancient shield
 27531 | Lair:8   | Identified the cursed +0 shield "Emoko" {rF+ Dex+8} (You found it on level 8 of the Lair of Beasts)
 28392 | Lair:8   | Reached skill level 10 in Dodging
 28439 | Lair:8   | Reached skill level 16 in Invocations
 28782 | Lair:8   | Found a viscous altar of Jiyva.
 28782 | Lair:8   | Found a staircase to the Slime Pits.
 28916 | Lair:8   | Reached XP level 15. HP: 136/141 MP: 22/27
 29201 | Lair:8   | Reached skill level 17 in Invocations
 29745 | Lair:8   | Got a pair of scorched gloves
 29751 | Lair:8   | Identified the +1 pair of gloves "Curee" {rF+ SInv} (You found it on level 8 of the Lair of Beasts)
 30134 | Orc:1    | Entered Level 1 of the Orcish Mines
 30134 | Orc:1    | Noticed Maud
 30155 | Orc:1    | Killed Maud
 30225 | Orc:2    | Entered Level 2 of the Orcish Mines
 30789 | D:13     | Gained mutation: You are partially covered in icy blue scales (AC +1). [mutagenic meat]
 30790 | D:13     | Gained mutation: Your spells are a little easier to cast, but a little less powerful. [mutagenic meat]
 30791 | D:13     | Lost mutation: Your spells are a little easier to cast, but a little less powerful. [mutagenic meat]
 30798 | D:13     | Found a gate to the Vaults.
 30979 | D:13     | Found a stormy altar of Qazlal.
 31045 | D:13     | Noticed Frances
 31060 | D:13     | Killed Frances
 31803 | D:8      | Bought the +8 flail of Tosuz {flame, +Inv Str+3} for 932 gold pieces
 32005 | Lair:7   | Reached skill level 1 in Shields
 32604 | D:14     | Found Xisuqomi's Antique Armour Shoppe.
 32715 | D:14     | Gained mutation: Your mind is acute. (Int +2) [mutagenic meat]
 32716 | D:14     | Gained mutation: You are partially covered in molten scales (AC +1). [mutagenic meat]
 32718 | D:14     | Lost mutation: You are robust (+10% HP). [mutagenic meat]
 32719 | D:14     | Gained mutation: Scrolls take you a little longer to read. [mutagenic meat]
 32720 | D:14     | Gained mutation: You have sharp fingernails. [mutagenic meat]
 32733 | D:15     | Entered Level 15 of the Dungeon
 32733 | D:15     | Noticed Azrael
 32745 | D:14     | Reached skill level 1 in Evocations
 32793 | D:14     | Killed Azrael
 33208 | D:15     | Gained mutation: You tend to lose your temper in combat. [mutagenic meat]
 33438 | D:15     | Found a shimmering altar of Xom.
 33512 | D:15     | Reached skill level 5 in Shields
 33534 | D:15     | Gained mutation: You are mostly covered in icy blue scales (AC +3, EV -1). [mutagenic meat]
 33537 | D:15     | Gained mutation: You are covered in fur (AC +1). [mutagenic meat]
 33538 | D:15     | Lost mutation: Your mind is acute. (Int +2) [mutagenic meat]
 33843 | D:15     | Found a staircase to the Depths.
 33850 | D:15     | Reached skill level 5 in Evocations
 33952 | D:15     | Reached XP level 16. HP: 109/137 MP: 28/28
 34445 | D:15     | Found a glowing golden altar of the Shining One.
 35285 | Orc:1    | Noticed Urug
 35299 | Orc:1    | Killed Urug
 35598 | Orc:2    | Noticed Rupert
 35599 | Orc:2    | Found a staircase to the Elven Halls.
 35625 | Orc:2    | Killed Rupert
 35848 | Orc:2    | Noticed Maurice
 35855 | Orc:2    | Killed Maurice
 35859 | Orc:2    | Noticed Snorg
 35868 | Orc:2    | Killed Snorg
 35876 | Orc:2    | Found Nodetz's Book Emporium.
 35901 | Orc:2    | Found Sung's Distillery.
 35914 | Orc:2    | Found a radiant altar of Vehumet.
 35948 | Orc:2    | Found an ancient bone altar of Kikubaaqudgha.
 35948 | Orc:2    | Noticed Nergalle
 35956 | Orc:2    | Killed Nergalle
 35966 | Orc:2    | Found Fuciteke's Antique Armour Shoppe.
 35967 | Orc:2    | Found a roughly hewn altar of Beogh.
 35988 | Orc:2    | Found Koddou's Magic Scroll Shoppe.
 36075 | Orc:2    | Bought a pair of runed boots for 130 gold pieces
 36075 | Orc:2    | Bought a pair of embroidered boots for 130 gold pieces
 36277 | Elf:1    | Entered Level 1 of the Elven Halls
 36277 | Elf:1    | Noticed namelastname112's ghost (adept DrAK)
 36506 | Elf:1    | Killed namelastname112's ghost
 36560 | Elf:1    | Noticed Aizul
 36571 | Elf:1    | Killed Aizul
 36574 | Elf:1    | Noticed Louise
 36578 | Elf:1    | Gained mutation: You possess an exceptional clarity of mind. [mutagenic meat]
 36580 | Elf:1    | Gained mutation: You are frail (-10% HP). [mutagenic meat]
 36590 | Elf:1    | Killed Louise
 36590 | Elf:1    | Reached skill level 10 in Shields
 36631 | Elf:1    | Found a frozen archway.
 36649 | IceCv    | Entered an ice cave
 36731 | IceCv    | Got an ancient tin ring
 36737 | IceCv    | Identified the ring "Usuvang" {*Tele rF+ MP+9 Dex+5} (You found it in an ice cave)
 36942 | IceCv    | HP: 3/123 [harpy simulacrum (5)]
 36942 | IceCv    | Slain by a harpy simulacrum

Vault maps used:
D:1:      nicolae_arrival_memento_mori, minmay_statues_item
D:2:      minitemple, overflow_temple_1_default, first_bread
D:3:      minmay_misc_feat_iff
D:5:      minmay_temple_entry_statues, serial_shops,
          nicolae_shop_window_shopping, shop, uniq_grinder
D:6:      serial_shops, nicolae_shop_stone
D:7:      nicolae_overflow_hidden_temple, nicolae_ossuary_entry_plus
D:8:      serial_shops, nicolae_shop_behind_doors, shop, kennysheep_mini_moat,
          shop, basic_altar, uniq_erolcha
D:9:      overflow_temple_1_default, david_lair_generic,
          hangedman_tell_no_tales, uniq_grum
D:11:     orc_0_dummy, kennysheep_windowed_goal
D:12:     uniq_sonja, uniq_nessos
D:13:     david_vaults_2, nicolae_qazlal_style_of_elements, uniq_frances
D:14:     grunt_decor_arrowhead, serial_shops, shop, david_defended_altar_elf
D:15:     grunt_enter_depths_magical_seal, basic_altar,
          lemuel_coloured_pillars_altar, nrook_mini_backslash, uniq_azrael
Lair:1:   disabler_island
Lair:2:   grunt_megastairs_5, lemuel_fruit_tree, serial_bayou_shore_b
Lair:3:   grunt_megastairs_3
Lair:4:   spider_nest_entry_rubble, serial_bayou_lagoon_b,
          infiniplex_staircase_pool_2, serial_bayou_shore_b, lemuel_fruit_fields
Lair:5:   beast_lair_carwin_large_4
Lair:6:   elwin_shoals_entry_rooms, guppyfry_lair_drakes, grunt_megastairs_2,
          serial_bayou_shore_a
Lair:7:   roderic_carrion_pond, grunt_megastairs_1
Lair:8:   due_jungle_book, dpeg_slime_entry_enclosed_altar
Orc:1:    roderic_batcave, uniq_urug, uniq_maud
Orc:2:    kennysheep_orc_mage_school, uniq_rupert, uniq_snorg, uniq_maurice
Elf:1:    minmay_elf_crystal_hexagon, serial_shops, shop,
          portal_ice_cave_entry_ice_beasts, minmay_elf_sorcery, minivault_27,
          evilmike_surprise_oklob, uniq_aizul, uniq_louise, uniq_asterion
Ossuary:  ossuary_tomb_2
IceCv:    ice_cave_caverns_03

Skill      XL: |  1  2  3  4  5  6  7  8  9 10 11 12 13 14 15 16 |
---------------+-------------------------------------------------+-----
Axes           | 5 6 8 9 10 | 10.0
Invocations    | 4 7 10 12 13 16 17 | 17.9
Fighting       | 5 7 11 | 11.0
Armour         | 3 4 6 8 10 | 10.6
Dodging        | 3 5 6 8 10 | 10.0
Maces & Flails | 2 7 10 11 | 11.4
Stealth        | 1 |  1.0
Short Blades   | 2 |  2.3
Crossbows      | 4 6 |  6.9
Polearms       | 1 |  1.4
Shields        | 5 10 | 10.7
Evocations     | 5 6 |  6.4
Throwing       | |  1.7

Action                   |  1- 3 |  4- 6 |  7- 9 | 10-12 | 13-15 | 16-18 || total
-------------------------+-------+-------+-------+-------+-------+-------++-------
Melee: War axe           |   142 |   113 |   180 |    18 |       |       ||   453
       Whip              |     2 |    18 |   111 |    25 |    15 |       ||   171
       Dire flail        |       |       |   140 |   624 |  1120 |       ||  1884
       Battleaxe         |       |       |       |    75 |       |       ||    75
       Glaive            |       |       |       |     7 |    31 |       ||    38
       Short sword       |       |       |       |     4 |       |       ||     4
       Flail             |       |       |       |       |   212 |   373 ||   585
 Fire: Hunting sling     |     5 |     1 |     4 |       |       |       ||    10
       Arbalest          |       |       |       |    10 |   247 |       ||   257
Throw: Stone             |    11 |       |       |       |       |       ||    11
       Tomahawk          |       |       |     5 |    12 |     3 |       ||    20
       Throwing net      |       |       |       |       |       |     1 ||     1
 Cast: Passwall          |       |       |       |       |     1 |       ||     1
Invok: Minor Destruction |       |       |    27 |    24 |    11 |    48 ||   110
       Major Destruction |       |       |     6 |    78 |   160 |    50 ||   294
       Lesser Servant of |       |       |       |     9 |     5 |       ||    14
       Greater Servant o |       |       |       |       |     4 |     3 ||     7
Evoke: Wand              |       |       |       |     2 |    13 |       ||    15
  Use: Potion            |       |     3 |       |     4 |     6 |     3 ||    16
       Scroll            |       |     4 |    13 |    17 |    14 |     5 ||    53
 Stab: Sleeping          |     2 |       |     2 |     8 |     1 |     2 ||    15
       Distracted        |       |       |       |     3 |     4 |     3 ||    10
  Eat: Chunk             |     2 |     7 |     7 |    32 |    62 |    16 ||   126
       Pizza             |       |     1 |     1 |     2 |       |     1 ||     5
       Beef jerky        |       |       |     1 |     2 |       |     1 ||     4
       Meat ration       |       |       |     2 |     2 |     4 |     2 ||    10
       Royal jelly       |       |       |     1 |       |     4 |       ||     5
       Fruit             |       |       |       |    10 |    11 |       ||    21
